 Dungeon Crawl Stone Soup version 0.32-a0-42-ga30500b4d3 (webtiles) character file.

Game seed: 15209793092323121054

16 Newt the Trooper (level 2, -5/19 HPs)
             Began as a Gargoyle Fighter on Jan 30, 2024.
             Slain by Natasha (8 damage)
             ... on level 2 of the Dungeon.
             The game lasted 00:00:55 (1351 turns).

Newt the Trooper (Gargoyle Fighter)                 Turns: 1351, Time: 00:00:55

Health: -5/19      AC:  9    Str: 19    XL:     2   Next: 58%
Magic:  11/11      EV:  9    Int:  8    God:
Gold:   54         SH:  4    Dex:  9    Spells: 1/1 levels left

rFire   . . .        k - +0 hand axe (elec)
rCold   . . .        c - +0 buckler
rNeg    + . .        b - +0 scale mail
rPois   ∞            (no helmet)
rElec   +            (no cloak)
rCorr   .            (no gloves)
SInv    .            (no boots)
Will    .....        g - amulet of magic regeneration Stlth
                     e - ring of magical power
HPRegen 0.23/turn    (no ring)
MPRegen 0.52/turn

%: no passive effects
@: mighty, slowed, very slow
A: sickness immunity, AC +2, negative energy resistance 1, electricity
resistance, torment resistance 1, petrification resistance
a: no special abilities


You were on level 2 of the Dungeon.
You visited 1 branch of the dungeon, and saw 2 of its levels.

You collected 54 gold pieces.

Inventory:

Hand Weapons
 a - a +0 flail
 k - a +0 hand axe of electrocution (weapon)
Missiles
 p - 4 poisoned darts (quivered)
Armour
 b - a +0 scale mail (worn)
 c - a +0 buckler (worn)
Jewellery
 e - a ring of magical power (left hand)
 g - an amulet of magic regeneration (around neck)
Talismans
 q - a beast talisman
Scrolls
 i - 2 scrolls of identify {unknown}
 l - a scroll of immolation {unknown}
 n - a scroll of teleportation {unknown}
 o - 2 scrolls of summoning {unknown}
Potions
 f - a potion of attraction {unknown}
 h - a potion of curing {unknown}
 j - 3 potions of degeneration {unknown}
 m - a potion of lignification {unknown}


   Skills:
 + Level 3.6 Fighting
 * Level 0.7(1.6) Axes
 - Level 2.5(2.6) Maces & Flails
 - Level 3.2 Armour
 - Level 3.2 Shields


You had one spell level left.
You didn't know any spells.
Your spell library was empty.

Dungeon Overview and Level Annotations

Branches:
Dungeon (2/15)

Altars:

Annotations:
D:2 Natasha


Innate Abilities, Weirdness & Mutations

You are immune to sickness and miasma.
Your stone body is resilient. (AC +2)
You are immune to poison.
You resist negative energy. (rN+)
You are resistant to electric shocks. (rElec)
You are resistant to unholy torment.
You are immune to petrification.


Message History

Natasha casts a spell.
A ball python skeleton comes into view.
You barely miss Natasha. Natasha claws you.
You barely miss Natasha. Natasha closely misses you.
You closely miss Natasha. Natasha barely misses you.
You block the cerulean imp's attack. Natasha casts a spell at you.
The magic dart hits you!
You are too injured to fight recklessly!
You are too injured to fight recklessly!
You are too injured to fight recklessly!
Unknown command.
You hit Natasha but do no damage.
The cerulean imp hits you but does no damage.
Natasha stares at you and mumbles some strange words.
You feel yourself slow down.
The cerulean imp hits you but does no damage.
You hit Natasha.
Natasha is moderately wounded.
Natasha barely misses you.
The cerulean imp hits you but does no damage.
Natasha claws you.
* * * LOW HITPOINT WARNING * * *
The cerulean imp hits you but does no damage.
You feel very mighty all of a sudden. Natasha claws you but does no damage.
You block the cerulean imp's attack.
Unknown command.
You slash Natasha!
Natasha is almost dead.
Natasha claws you.
* * * LOW HITPOINT WARNING * * *
The cerulean imp closely misses you. You block Natasha's attack.
You block the cerulean imp's attack.
Unknown command.
You closely miss Natasha.
Natasha is almost dead.
The cerulean imp disappears in a puff of smoke!
Natasha claws you!
You die...
Natasha curls up and begins to purr.

#.# .# # #.# #.##
...##.##.# ##...##
#.......###..# .###
#.##.##.....###...#
# #.###..#..# #.#
##...# #.# ##.##
#.# #@# #.# #h# #.#
#§Z #.# #..# #...
##.## .# .#


You could see Natasha and a ball python skeleton.

Vanquished Creatures
  A ball python (D:1)
  3 endoplasms (D:1)
  3 bats (D:1)
  4 frilled lizards
  3 goblins
  2 kobolds (D:1)
  A rat (D:1)
17 creatures vanquished.

Notes
Turn   | Place    | Note
-------+----------+-------------------------------------------
     0 | D:1      | Newt the Gargoyle Fighter began the quest for the Orb.
     0 | D:1      | Reached XP level 1. HP: 14/14 MP: 1/1
   400 | D:1      | Reached XP level 2. HP: 19/19 MP: 2/2
   938 | D:1      | Found a faded altar of an unknown god.
  1339 | D:2      | Noticed Natasha
  1351 | D:2      | Slain by Natasha

Illustrated notes

Levels and vault maps discovered:
D:1:      ncdulo_wetmaze, layout_basic, shapermc_ecumenical_altar_venn,
          ebering_dispersal_statue_hall
D:2:      layout_loops_ring, serial_undead, serial_undead_d, serial_undead_e,
          serial_undead_b, serial_undead_d, uniq_sigmund, uniq_natasha

Action                     || total
---------------------------++-------
  Melee: Flail             ||    30
         Hand axe          ||    22
    Use: Potion            ||     1
 Armour: Scale mail        ||    35
  Dodge: Dodged            ||    23
  Block: Buckler           ||    17

Table legend: (Time is in decaauts)
 A = Elapsed time spent in this place.
 B = Non-inter-level travel time spent in this place.
 C = Inter-level travel time spent in this place.
 D = Time resting spent in this place.
 E = Time spent auto-exploring this place.
 F = Levels seen in this place.
 G = Mean time per level.
                   A        B        C        D        E       F      G
               +--------+--------+--------+--------+--------+-----+--------+
         Total |   1374 |   1185 |    189 |      0 |   1040 |   2 |  687.0 |
       Dungeon |   1374 |   1185 |    189 |      0 |   1040 |   2 |  687.0 |
               +--------+--------+--------+--------+--------+-----+--------+

Top non-repeatable levels by time:
     D:1: 1328 daAuts
     D:2: 46 daAuts
